[ AOE2 MATCH · #480246767 ]
1v1 RMGeorgians vs Vikings
Player's team · WIN
Rival team · LOSS
[ REPLAY ANALYSIS · EXTRACTED FROM THE RECORDED GAME ]
Feudal
10:08
Castle
—
Imperial
—
| APM avg | 38.2 |
| APM peak | 79 |
| eAPM avg | 12.8 |
| Villagers / military | 48 / 8 |
Focus
⚔️ 22.4% · 🌾 77.6%
Scout Cavalry ×8
Feudal
—
Castle
—
Imperial
—
| APM avg | 5.4 |
| APM peak | 14 |
| eAPM avg | 4.0 |
| Villagers / military | 22 / 5 |
Focus
⚔️ 23.9% · 🌾 76.1%
Militia ×4 · Spearman ×1
Match map
Initial resources + every placement click. Lines = walls · curves = elevation contours. ◆ gold · ⬟ stone · ● berries · ✦ relic · ◌ wall gap
Your base· Open — unwalled flank
emiliahamilton's base· Open — unwalled flank
Smoothed initial terrain · ◌ = detected wall gap · hover for details
Inputs per minute
— DutchCheff - - emiliahamilton
Build order — DutchCheff
101 actions detected in the replay
| 0:02 | Build | House |
| 0:03 | Build | House |
| 0:05 | Create | Villager (Male) |
| 0:05 | Create | Villager (Male) |
| 0:05 | Create | Villager (Male) |
| 0:05 | Create | Villager (Male) |
| 0:05 | Create | Villager (Male) |
| 0:05 | Create | Villager (Male) |
| 1:50 | Create | Villager (Male) |
| 1:50 | Create | Villager (Male) |
| 1:50 | Create | Villager (Male) |
| 1:50 | Create | Villager (Male) |
| 1:50 | Create | Villager (Male) |
| 2:04 | Create | Villager (Male) |
| 2:05 | Create | Villager (Male) |
| 2:05 | Create | Villager (Male) |
| 2:05 | Create | Villager (Male) |
| 2:21 | Create | Villager (Male) |
| 2:21 | Create | Villager (Male) |
| 2:21 | Create | Villager (Male) |
| 2:21 | Create | Villager (Male) |
| 3:07 | Create | Villager (Male) |
| 3:07 | Create | Villager (Male) |
| 3:07 | Create | Villager (Male) |
| 3:07 | Create | Villager (Male) |
| 3:40 | Build | House |
| 3:52 | Build | Mill |
| 4:12 | Create | Villager (Male) |
| 4:12 | Create | Villager (Male) |
| 4:12 | Create | Villager (Male) |
| 4:12 | Create | Villager (Male) |
| 4:12 | Create | Villager (Male) |
| 4:12 | Create | Villager (Male) |
| 4:54 | Create | Villager (Male) |
| 4:54 | Create | Villager (Male) |
| 4:54 | Create | Villager (Male) |
| 4:54 | Create | Villager (Male) |
| 4:54 | Create | Villager (Male) |
| 6:30 | Create | Villager (Male) |
| 6:32 | Create | Villager (Male) |
| 7:08 | Build | Mule Cart |
| 7:25 | Build | Mill |
| 7:29 | Research | Loom |
| 7:58 | Research | Feudal Age |
| 8:44 | Build | Barracks |
| 9:38 | Build | House |
| 10:08 | Age | Feudal Age |
| 10:16 | Build | Stable |
| 10:21 | Create | Villager (Male) |
| 10:21 | Create | Villager (Male) |
| 11:04 | Build | House |
| 11:28 | Create | Villager (Male) |
| 11:28 | Create | Villager (Male) |
| 11:43 | Create | Scout Cavalry |
| 11:43 | Create | Scout Cavalry |
| 11:50 | Research | Double-Bit Axe |
| 11:59 | Research | Horse Collar |
| 11:59 | Research | Horse Collar |
| 12:14 | Build | House |
| 12:15 | Build | Palisade Wall |
| 12:19 | Create | Villager (Male) |
| 12:19 | Create | Villager (Male) |
| 12:22 | Create | Scout Cavalry |
| 12:48 | Create | Villager (Male) |
| 12:50 | Create | Scout Cavalry |
| 12:58 | Build | Farm |
| 13:02 | Build | Farm |
| 13:35 | Build | Palisade Gate |
| 13:38 | Build | Palisade Wall |
| 13:39 | Build | Palisade Wall |
| 13:45 | Create | Villager (Male) |
| 13:45 | Create | Villager (Male) |
| 13:50 | Build | House |
| 13:52 | Build | Palisade Wall |
| 14:07 | Build | Palisade Wall |
| 14:08 | Create | Villager (Male) |
| 14:26 | Create | Villager (Male) |
| 14:28 | Build | Farm |
| 14:30 | Build | Farm |
| 14:32 | Build | Farm |
| 14:34 | Create | Villager (Male) |
| 14:37 | Create | Scout Cavalry |
| 14:42 | Create | Scout Cavalry |
| 14:58 | Research | Town Watch |
| 15:07 | Build | Farm |
| 15:12 | Create | Scout Cavalry |
| 15:12 | Create | Scout Cavalry |
| 16:20 | Build | Palisade Gate |
| 16:23 | Research | Wheelbarrow |
| 16:36 | Build | Market |
| 17:46 | Build | Mule Cart |
| 18:10 | Research | Castle Age |
| 18:16 | Build | Farm |
| 18:17 | Build | Farm |
| 18:18 | Build | Farm |
| 18:26 | Build | Palisade Wall |
| 19:55 | Build | Palisade Wall |
| 19:56 | Build | House |
| 20:01 | Build | Farm |
| 20:02 | Build | Farm |
| 20:02 | Build | Farm |
Build order — emiliahamilton
45 actions detected in the replay
| 0:08 | Build | House |
| 0:10 | Build | House |
| 0:27 | Create | Villager (Male) |
| 0:27 | Create | Villager (Male) |
| 0:28 | Create | Villager (Male) |
| 0:39 | Create | Villager (Male) |
| 2:37 | Create | Villager (Male) |
| 2:37 | Create | Villager (Male) |
| 2:51 | Create | Villager (Male) |
| 4:10 | Build | Mill |
| 4:24 | Create | Villager (Male) |
| 4:25 | Create | Villager (Male) |
| 5:54 | Create | Villager (Male) |
| 5:54 | Create | Villager (Male) |
| 6:04 | Build | House |
| 6:07 | Build | House |
| 6:33 | Build | Lumber Camp |
| 7:25 | Create | Villager (Male) |
| 7:25 | Create | Villager (Male) |
| 8:54 | Create | Villager (Male) |
| 8:54 | Create | Villager (Male) |
| 9:15 | Build | Mining Camp |
| 9:59 | Build | Barracks |
| 10:32 | Research | Feudal Age |
| 10:46 | Build | Farm |
| 11:28 | Build | Farm |
| 12:03 | Create | Militia |
| 12:03 | Create | Militia |
| 12:27 | Build | House |
| 12:33 | Build | House |
| 13:03 | Research | Horse Collar |
| 13:20 | Build | Farm |
| 13:26 | Build | Farm |
| 13:36 | Create | Villager (Male) |
| 13:55 | Build | Farm |
| 14:14 | Build | Farm |
| 15:32 | Create | Villager (Male) |
| 15:32 | Create | Villager (Male) |
| 16:40 | Create | Villager (Male) |
| 16:40 | Create | Villager (Male) |
| 16:53 | Create | Villager (Male) |
| 16:54 | Create | Villager (Male) |
| 17:26 | Create | Militia |
| 17:27 | Create | Militia |
| 17:31 | Create | Spearman |
Match timeline
| 8:44 | DutchCheff · first_building Barracks |
| 9:59 | emiliahamilton · first_building Barracks |
| 10:08 | DutchCheff · age_up feudal |
| 10:16 | DutchCheff · first_building Stable |
| 12:15 | DutchCheff · wall_segment Palisade Wall x1 |
| 13:38 | DutchCheff · wall_segment Palisade Wall x1 |
| 13:39 | DutchCheff · wall_segment Palisade Wall x1 |
| 13:52 | DutchCheff · wall_segment Palisade Wall x1 |
| 14:07 | DutchCheff · wall_segment Palisade Wall x23 |
| 17:53 | DutchCheff · first_market_buy 100 food |
| 18:01 | DutchCheff · first_market_sell 100 wood |
| 18:26 | DutchCheff · wall_segment Palisade Wall x19 |
| 19:55 | DutchCheff · wall_segment Palisade Wall x1 |
| 20:12 | emiliahamilton · resign |
[ AI ANALYSIS · 1 CREDIT ]
What really happened in this match?
Wolo.gg analyzes every decision: build order, eco, micro, common mistakes by bracket. Personalized analysis on WhatsApp or Discord in 30 seconds.
Civ guide
Georgians
Map guide
Arabia
Perfil
Jugador #767886